 Dungeon Crawl Stone Soup version 0.30-a0-723-gc1506a1cf0 (webtiles) character file.

Game seed: 6710418108372235283

60 omnomnOMINOUS the Shooter (level 4, 0/30 HPs)
             Began as an Octopode Wanderer on Jan 29, 2023.
             Slain by Sigmund
             ... wielding a +0 scythe
              (5 damage)
             ... on level 2 of the Dungeon.
             The game lasted 00:03:29 (1670 turns).

omnomnOMINOUS the Shooter (Octopode Wanderer)       Turns: 1670, Time: 00:03:30

Health: 0/30       AC:  3    Str:  5 (7)  XL:     4   Next: 6%
Magic:  6/6        EV: 13    Int: 17 (20) God:
Gold:   102        SH:  0    Dex: 10 (13) Spells: 5/5 levels left

rFire   . . .      SeeInvis .    a - +0 sling
rCold   . . .      Faith    .    (no shield)
rNeg    . . .      Spirit   .    b - +2 hat
rPois   .          Reflect  .    j - amulet of magic regeneration
rElec   .          Harm     .    (no ring)
rCorr   .          Rampage  .    (no ring)
Will    .....                    (no ring)
Stlth   ++                       (no ring)
HPRegen 0.25/turn                (no ring)
MPRegen 0.50/turn                (no ring)
                                 (no ring)
                                 (no ring)

@: attractive
A: almost no armour, amphibious, 8 rings, camouflage 1, gelatinous body 1,
(nimble swimmer 1), tentacles, clever 1, subdued magic 1
a: no special abilities


You were on level 2 of the Dungeon.
You visited 1 branch of the dungeon, and saw 2 of its levels.

You collected 102 gold pieces.

Inventory:

Hand Weapons
 a - a +0 sling (weapon)
Armour
 b - a +2 hat (worn)
Jewellery
 j - an amulet of magic regeneration (around mantle)
 k - a ring of ice
Scrolls
 c - a scroll of fog
 d - a scroll of teleportation
 f - a scroll of blinking
 g - a scroll of identify {unknown}
 h - a scroll of magic mapping {unknown}
 m - a scroll of enchant weapon {unknown}


   Skills:
 + Level 2.6 Fighting
 + Level 5.3 Ranged Weapons
 + Level 2.7 Dodging
 - Level 1.3 Stealth
 + Level 1.3 Spellcasting


You had 5 spell levels left.
You didn't know any spells.
Your spell library was empty.

Dungeon Overview and Level Annotations

Branches:
Dungeon (2/15)

Altars:

Annotations:
D:2 Sigmund


Innate Abilities, Weirdness & Mutations

You cannot wear most types of armour.
You are amphibious.
You can wear up to eight rings at the same time.
Your skin changes colour to match your surroundings (Stealth+).
Your rubbery body absorbs attacks. (AC +1, EV +1)
((You are camouflaged when in or above water. (Stealth+)))
You have tentacles for arms and can constrict up to eight enemies at once.
Your mind is acute. (Int +4, Str/Dex -1)
Your spells are a little easier to cast, but a little less powerful.


Message History

Press: ? - help, Dir - look around, f - activate You shoot a sling bullet.
You feel less confused. Something hits you.
A hobgoblin comes into view.
The hobgoblin is attracted toward you.
Blink to where?
Press: ? - help, Dir - move target
As you read the scroll labelled SIGOUR SAETEO, it crumbles to dust.
It was a scroll of blinking.
Something is attracted toward you. Something is attracted toward you.
Something hits you but does no damage. Something is attracted toward you.
The bat is attracted toward you. Something is attracted toward you.
The bat is attracted toward you. Something hits you!
* * * LOW HITPOINT WARNING * * *
The bat hits you but does no damage. Something hits you.
* * * LOW HITPOINT WARNING * * *
The bat hits you but does no damage.
Fire: a) +0 sling
Press: ? - help, Q - select action Shift-Dir - straight line, f - bat
Aim: a bat (39% to hit)
Okay, then.
The bat attacks as you move away! The bat hits you.
* * * LOW HITPOINT WARNING * * *
The bat closely misses you. Something is attracted toward you.
Fire: a) +0 sling
Press: ? - help, Q - select action Shift-Dir - straight line, f - bat
Aim: a bat (39% to hit)
You shoot a sling bullet.
The sling bullet closely misses the bat.
The bat misses you. Something barely misses you.
The bat hits you but does no damage.
Fire: a) +0 sling
Press: ? - help, Q - select action Shift-Dir - straight line, f/p - bat
Aim: a bat (39% to hit)
You shoot a sling bullet. The sling bullet hits the bat.
You kill the bat!
Something hits you.
You die...

#.##...#...............
#.##.#............##.##
#.##.###.###...#####.##
##.##.###.# #...# #.##
#.........# #...# #.##
#.###†#.### ##.## #.##
#.# #.#.# ##'## #.# #.#
#†#.# ##...## #.##
#.###.#@# ##.....## #...
#.##..#†###.......######
#.#...#.##.........####.
#.....§.....§......'....
###..§###.§........####.
#.....#.#.......## ##
#.#.#.#.##.....## #
#.#...#.###...##
#.##§##.# ##+##


There were no monsters in sight!

Vanquished Creatures
  A gnoll (D:2)
  2 dart slugs
  2 endoplasms (D:1)
  A giant cockroach (D:1)
  2 goblins (D:2)
  6 hobgoblins
  6 jackals
  3 kobolds (D:2)
  2 quokkas
  9 ball pythons
  4 bats
  2 frilled lizards
  3 rats (D:1)
43 creatures vanquished.

Notes
Turn   | Place    | Note
-------+----------+-------------------------------------------
     0 | D:1      | omnomnOMINOUS the Octopode Wanderer began the quest for the
                  | Orb.
     0 | D:1      | omnomnOMINOUS set off with the following items: a +0 sling,
                  | a +2 hat, a scroll of fog, a scroll of teleportation.
     0 | D:1      | Reached XP level 1. HP: 14/14 MP: 1/1
    73 | D:1      | Reached XP level 2. HP: 19/19 MP: 2/2
   753 | D:2      | Reached XP level 3. HP: 25/25 MP: 4/4
   774 | D:2      | Reached skill level 1 in Spellcasting
  1611 | D:2      | Reached XP level 4. HP: 30/30 MP: 5/5
  1647 | D:2      | Noticed Sigmund
  1658 | D:2      | Gained mutation: Your spells are a little easier to cast,
                  | but a little less powerful. [potion of mutation]
  1658 | D:2      | Gained mutation: Your mind is acute. (Int +4, Str/Dex -1)
                  | [potion of mutation]
  1670 | D:2      | Slain by Sigmund

Illustrated notes

Levels and vault maps discovered:
D:1:      dpeg_arrival_ternary, layout_loops_ring, moated_statue
D:2:      layout_loops_corners, chequers_decorated_corner, cheibrodos_gnoll_hut,
          uniq_sigmund

Skill      XL: |  1  2  3 |
---------------+----------+-----
Spellcasting   | 1 |  1.3
Fighting       | |  2.6
Ranged Weapons | |  5.3
Dodging        | |  2.7
Stealth        | |  1.3

Action                     |  1- 3 |  4- 6 || total
---------------------------+-------+-------++-------
   Fire: Sling             |   143 |    18 ||   161
    Use: Scroll            |     1 |     1 ||     2
         Potion            |       |     3 ||     3
 Armour: Skin              |    20 |     4 ||    24
  Dodge: Dodged            |    78 |     8 ||    86

Table legend: (Time is in decaauts)
 A = Elapsed time spent in this place.
 B = Non-inter-level travel time spent in this place.
 C = Inter-level travel time spent in this place.
 D = Time resting spent in this place.
 E = Time spent auto-exploring this place.
 F = Levels seen in this place.
 G = Mean time per level.
                   A        B        C        D        E       F      G
               +--------+--------+--------+--------+--------+-----+--------+
         Total |   1691 |   1662 |     29 |    139 |   1253 |   2 |  845.5 |
       Dungeon |   1691 |   1662 |     29 |    139 |   1253 |   2 |  845.5 |
               +--------+--------+--------+--------+--------+-----+--------+

Top non-repeatable levels by time:
     D:2: 961 daAuts
     D:1: 730 daAuts
